 Dungeon Crawl Stone Soup version 0.21.1-1-g345015f (webtiles) character file.

2206 diana the Thaumaturge (level 9, -3/39 (40) HPs)
             Began as a Deep Elf Conjurer on May 28, 2018.
             Was a Believer of Sif Muna.
             Slain by a worker ant (6 damage)
             ... on level 7 of the Dungeon.
             The game lasted 00:19:43 (6431 turns).

diana the Thaumaturge (Deep Elf Conjurer)           Turns: 6431, Time: 00:19:44

HP:   -3/39 (40)    AC:  2    Str:  5    XL:     9   Next: 12%
MP:   1/26          EV: 13    Int: 24    God:    Sif Muna [**....]
Gold: 315           SH:  0    Dex: 15    Spells: 20/31 levels left

rFire    . . .     SeeInvis .   y - staff of poison
rCold    . . .     Gourm    .   (no shield)
rNeg     . . .     Faith    .   a - +0 robe
rPois    +         Spirit   .   (no helmet)
rElec    .         Reflect  .   (no cloak)
rCorr    .         Harm     .   (no gloves)
MR       .....                  (no boots)
Stlth    ++........             (no amulet)
HPRegen  0.13/turn              (no ring)
MPRegen  0.20/turn              (no ring)

@: no status effects
A: talons 1, blink, frail 1
a: Blink, Divine Energy, Renounce Religion


You were on level 7 of the Dungeon.
You worshipped Sif Muna.
Sif Muna was pleased with you.
You were hungry.

You visited 1 branch of the dungeon, and saw 7 of its levels.

You collected 435 gold pieces.
You spent 120 gold pieces at shops.

Inventory:

Hand Weapons
 f - a +3 short sword
 v - a +0 quarterstaff
Armour
 a - a +0 robe (worn)
Magical Staves
 y - an uncursed staff of poison (weapon)
Jewellery
 w - an uncursed ring of ice {unknown}
Wands
 u - a wand of iceblast (11)
Scrolls
 d - 6 scrolls of identify {unknown}
 e - 7 scrolls of teleportation {unknown}
 g - a scroll of enchant weapon {unknown}
 h - 5 scrolls of remove curse {unknown}
 l - a scroll of fear {unknown}
 m - a scroll of amnesia {unknown}
 n - a scroll of magic mapping {unknown}
 o - a scroll of blinking {unknown}
 r - 2 scrolls of fog {unknown}
 t - a scroll of noise {unknown}
 A - a scroll of immolation {unknown}
Potions
 i - a potion of heal wounds {unknown}
 j - 2 potions of might {unknown}
 k - a potion of haste {unknown}
 p - a potion of lignification {unknown}
 q - a potion of mutation
 s - 3 potions of curing {unknown}
 x - 3 potions of agility {unknown}
 z - a potion of degeneration {unknown}
Books
 b - a book of Conjurations

   Spells                             Type                      Level
   a - Magic Dart                     Conjuration                  1
   b - Searing Ray                    Conjuration                  2
   c - Dazzling Spray                 Conjuration/Hexes            3
   d - Fulminant Prism                Conjuration/Hexes            4
   e - Force Lance                    Conjuration/Translocation    4
   f - Iskenderun's Mystic Blast      Conjuration                  4
Comestibles
 c - 9 rations


   Skills:
 + Level 3.4 Staves
 - Level 2.4 Dodging
 - Level 2.4 Stealth
 * Level 11.7 Spellcasting
 + Level 8.2 Conjurations
 + Level 3.7 Invocations


You had 20 spell levels left.
You knew the following spells:

 Your Spells              Type           Power        Failure   Level  Hunger
a - Magic Dart            Conj           ####         1%          1    None
b - Searing Ray           Conj           ######       1%          2    None
c - Iskenderun's Mystic   Conj           ######..     1%          4    None
d - Fulminant Prism       Conj/Hex       ####......   8%          4    None


Dungeon Overview and Level Annotations

Branches:
Dungeon (7/15)
 Temple: D:4-7

Altars:
Ashenzari
Cheibriados
Elyvilon
Gozag
Nemelex Xobeh
Qazlal
Ru
Sif Muna
Xom
Yredelemnul

Shops:
D:5 !


Innate Abilities, Weirdness & Mutations

You have sharp toenails.
You can translocate small distances at will.
You are frail. (-10% HP)


Message History

The worker ant is heavily wounded.
The worker ant bites you.
You hit the worker ant.
The worker ant is heavily wounded.
The worker ant misses you. The worker ant bites you.
* * * LOW HITPOINT WARNING * * *
The worker ant misses you. The worker ant closely misses you.
You see here a scorpion corpse.
Casting: Magic Dart
Confirm with . or Enter, or press ? or * to list all spells.
Aiming: Magic Dart
Press: ? - help, Shift-Dir - straight line, f/p - worker ant
Aim: a worker ant (heavily wounded)
The magic dart hits the worker ant.
The worker ant is severely wounded.
The worker ant bites you!
* * * LOW HITPOINT WARNING * * *
The worker ant bites you.
You die...

#................#.<#
#.##############.#..# #
#.# #....#.#
#.###################.##
#.#.....................
#.#.#########...........
#.#.#########...........
#.....##....#...........
#...>.''.....†.a@.......
#.....##....############
#.....##........)...#
#.#..###............#
#+#... #.............
...................
...####.####†.......
.... .... #†....... ....
#.#####..


You could see a worker ant.

Vanquished Creatures
  Sigmund (D:3)
  Eustachio (D:6)
  Menkaure (D:3)
  A water moccasin (D:6)
  An orc warrior (D:6)
  2 phantoms
  A necrophage (D:6)
  6 ogres
  2 centaurs (D:6)
  A bullfrog (D:6)
  A scorpion (D:7)
  A crimson imp (D:5)
  A quasit (D:5)
  A bullfrog skeleton (D:4)
  An orc priest (D:6)
  A bullfrog zombie (D:5)
  2 hounds (D:4)
  An iguana (D:4)
  4 orc wizards
  12 adders
  2 shadow imps (D:6)
  A worm (D:2)
  A dart slug (D:2)
  5 leopard geckos
  11 orcs
  3 bats
  4 giant cockroaches
  7 goblins
  4 hobgoblins
  7 jackals
  6 quokkas
  A ball python (D:5)
  3 frilled lizards
  6 kobolds
  A leopard gecko skeleton (D:4)
  10 rats
114 creatures vanquished.

Notes
Turn   | Place    | Note
-------+----------+-------------------------------------------
     0 | D:1      | diana the Deep Elf Conjurer began the quest for the Orb.
     0 | D:1      | Reached XP level 1. HP: 10/10 MP: 6/6
   121 | D:1      | Reached XP level 2. HP: 14/15 MP: 1/8
   770 | D:2      | Reached skill level 4 in Spellcasting
   818 | D:2      | Found a shattered altar of Ashenzari.
   983 | D:2      | Reached XP level 3. HP: 19/19 MP: 7/11
  1251 | D:2      | Found a basalt altar of Yredelemnul.
  1534 | D:2      | Learned a level 2 spell: Searing Ray
  1591 | D:3      | Reached skill level 5 in Conjurations
  1693 | D:3      | Reached skill level 5 in Spellcasting
  1793 | D:3      | Reached XP level 4. HP: 24/24 MP: 8/13
  1916 | D:3      | Found a faded altar of an unknown god.
  1972 | D:3      | Noticed Sigmund
  1980 | D:3      | Killed Sigmund
  1980 | D:3      | Reached skill level 7 in Spellcasting
  1980 | D:3      | Reached XP level 5. HP: 15/28 MP: 3/16
  2223 | D:3      | Found a sacrificial altar of Ru.
  2316 | D:3      | Reached XP level 6. HP: 20/32 MP: 12/18
  2437 | D:3      | Found a deep blue altar of Sif Muna.
  2718 | D:3      | Became a worshipper of Sif Muna the Loreminder
  2798 | D:4      | Noticed Menkaure
  2809 | D:3      | Killed Menkaure
  2809 | D:3      | Reached skill level 8 in Spellcasting
  3108 | D:4      | Reached XP level 7. HP: 36/36 MP: 15/20
  3145 | D:4      | Reached skill level 9 in Spellcasting
  3317 | D:4      | Reached * piety under Sif Muna
  3793 | D:5      | Entered Level 5 of the Dungeon
  3856 | D:5      | Reached skill level 10 in Spellcasting
  4079 | D:5      | Reached XP level 8. HP: 41/41 MP: 17/24
  4145 | D:5      | Found a shimmering altar of Xom.
  4145 | D:5      | Found a shimmering altar of Xom.
  4145 | D:5      | Found a shimmering altar of Xom.
  4145 | D:5      | Found a shimmering altar of Xom.
  4146 | D:5      | Found a shimmering altar of Xom.
  4147 | D:5      | Found a shimmering altar of Xom.
  4148 | D:5      | Found a shimmering altar of Xom.
  4162 | D:5      | Reached skill level 1 in Staves
  4162 | D:5      | Reached skill level 1 in Invocations
  4547 | D:5      | Found Ruimp's Distillery.
  4550 | D:5      | Bought a potion of mutation for 120 gold pieces
  4550 | D:5      | Gained mutation: You can translocate small distances at will. [potion of mutation]
  4550 | D:5      | Gained mutation: You are frail. (-10% HP) [potion of mutation]
  4550 | D:5      | Gained mutation: You have sharp toenails. [potion of mutation]
  4744 | D:5      | Found a sparkling altar of Nemelex Xobeh.
  4745 | D:5      | Found an opulent altar of Gozag.
  5043 | D:6      | Learned a level 4 spell: Iskenderun's Mystic Blast
  5048 | D:6      | Learned a level 4 spell: Fulminant Prism
  5070 | D:6      | Found a stormy altar of Qazlal.
  5437 | D:6      | Reached skill level 11 in Spellcasting
  5582 | D:6      | Reached ** piety under Sif Muna
  5768 | D:6      | Found a snail-covered altar of Cheibriados.
  5801 | D:6      | Noticed Eustachio
  5803 | D:6      | Killed Eustachio
  5906 | D:6      | Found a white marble altar of Elyvilon.
  5913 | D:6      | Reached XP level 9. HP: 26/39 MP: 16/26
  6431 | D:7      | Slain by a worker ant

Skill      XL: |  1  2  3  4  5  6  7  8 |
---------------+-------------------------+-----
Spellcasting   | 4 5 7 8 10 11 | 11.7
Conjurations   | 5 6 7 8 |  8.2
Staves         | 3 |  3.4
Invocations    | 3 |  3.7
Dodging        | |  2.4
Stealth        | |  2.4

Action                   |  1- 3 |  4- 6 |  7- 9 || total
-------------------------+-------+-------+-------++-------
Melee: Short sword       |     8 |       |     7 ||    15
       Kick              |       |       |     2 ||     2
       Staff             |       |       |     7 ||     7
 Cast: Magic Dart        |    62 |    47 |   175 ||   284
       Searing Ray       |       |     4 |    13 ||    17
       Iskenderun's Myst |       |       |    17 ||    17
  Use: Potion            |       |       |     1 ||     1
  Eat: Chunk             |     2 |     1 |     6 ||     9
       Ration            |       |     1 |     1 ||     2
Armor: Robe              |       |       |     3 ||     3
Dodge: Dodged            |     8 |     5 |    45 ||    58
